 Dungeon Crawl Stone Soup version 0.32-a0-132-g2d33c3cfaf (webtiles) character file.

Game seed: 4244716841021946972

45998 jasper the Markself (level 14, 0/88 HPs)
             Began as a Deep Elf Fighter on Feb 10, 2024.
             Was the Champion of Okawaru.
             Slain by a spriggan rider
             ... wielding a +0 spear
              (54 damage)
             ... on level 5 of the Lair of Beasts.
             The game lasted 00:29:00 (17481 turns).

jasper the Markself (Deep Elf Fighter)             Turns: 17481, Time: 00:29:00

Health: 0/88       AC: 17    Str: 13    XL:     14   Next: 3%
Magic:  31/31      EV:  2    Int: 15    God:    Okawaru [******]
Gold:   1072       SH:  0    Dex: 17    Spells: 4/13 levels left

rFire   . . .        S - +12 arbalest of Noefi {freeze, rElec rPois Dex-5}
rCold   + . .        (shield currently unavailable)
rNeg    . . .        G - +0 steam dragon scales
rPois   +            (no helmet)
rElec   +            s - +1 cloak of Insurance {rElec rC+ Dex+4}
rCorr   +            g - +2 pair of gloves
SInv    +            T - +1 pair of boots "Laoj Caoriso" {rCorr}
Will    +....        r
                       - Hermit's Pendant {Faith Invo=14 Evo=0 MP+5}
Stlth   ++           i - +4 ring of protection
HPRegen 0.34/turn    h - ring of see invisible
MPRegen 0.22/turn

%: faith
@: sleeping
A: no striking features
a: Renounce Religion, Heroism, Finesse, Duel


You were on level 5 of the Lair of Beasts.
You worshipped Okawaru.
Okawaru was exalted by your worship.
You visited 3 branches of the dungeon, and saw 17 of its levels.
You also visited: Gauntlet.

You collected 1072 gold pieces.

Inventory:

Hand Weapons
 q - a +1 arbalest of electrocution
 S - the +12 arbalest of Noefi (weapon) {freeze, rElec rPois Dex-5}
   (Okawaru gifted it to you on level 1 of the Lair of Beasts)

   Dex-5:     It affects your dexterity (-5).
   rElec:     It insulates you from electricity.
   rPois:     It protects you from poison
Missiles
 o - 9 curare-tipped darts
 w - 68 poisoned darts
 L - 2 darts of dispersal
 M - 4 throwing nets
Armour
 c - a +0 buckler
 g - a +2 pair of gloves (worn)
 s - the +1 cloak of Insurance (worn) {rElec rC+ Dex+4}
   (You found it in a Gauntlet)

   Dex+4:     It affects your dexterity (+4).
   rC+:       It protects you from cold.
   rElec:     It insulates you from electricity.
 v - the +0 pair of boots "Yptumom" {Will+ Int+3 Stlth+}
   (You found it in a Gauntlet)

   Int+3:     It affects your intelligence (+3).
   Will+:     It increases your willpower.
   Stlth+:    It makes you more stealthy.
 G - +0 steam dragon scales (worn)
 H - +0 fire dragon scales
 T - the +1 pair of boots "Laoj Caoriso" (worn) {rCorr}
   (Okawaru gifted it to you on level 1 of the Lair of Beasts)

   rCorr:     It protects you from acid and corrosion.
Jewellery
 b - an amulet of reflection
 h - a ring of see invisible (right hand)
 i - a +4 ring of protection (left hand)
 r - the Hermit's Pendant (around neck) {Faith Invo=14 Evo=0 MP+5}
   (You found it on level 8 of the Dungeon)

   [amulet of faith]

   Invo=14: It sets your Invocations skill to 14.
   Evo=0: It sets your Evocations skill to 0.
   Faith:     It allows you to gain divine favour quickly.
   MP+5:      It affects your magic capacity (+5).
 x - a ring of ice
 E - a +6 ring of strength
 I - an amulet of magic regeneration
 N - a +6 ring of strength
 X - a +6 ring of intelligence
Wands
 d - a wand of iceblast (13)
 j - a wand of polymorph (6)
 O - a wand of flame (12)
 P - a wand of mindburst (8)
Scrolls
 k - 5 scrolls of identify
 l - 2 scrolls of teleportation
 n - 4 scrolls of vulnerability
 t - 2 scrolls of immolation
 D - 2 scrolls of revelation
 F - a scroll of poison
 K - a scroll of amnesia
 Y - a scroll of brand weapon
Potions
 a - a potion of heal wounds
 e - 2 potions of invisibility
 f - 5 potions of degeneration
 m - 3 potions of attraction
 p - a potion of magic
 u - 4 potions of mutation
 z - 3 potions of berserk rage
 A - a potion of brilliance
 B - 5 potions of enlightenment
 C - a potion of curing
 J - 4 potions of haste
 Q - a potion of resistance {unknown}
 V - a potion of cancellation {unknown}
 Z - 2 potions of lignification
Miscellaneous
 R - a lightning rod (4/4)
 U - a condenser vane
 W - a phial of floods


   Skills:
 + Level 10.8 Fighting
 - Level 2.0 Short Blades
 - Level 18.0 Ranged Weapons
 + Level 4.3 Armour
 + Level 14.1 Dodging
 - Level 4.0 Shields
 - Level 2.0 Conjurations
 - Level 4.0 Translocations
 - Level 9.0 Air Magic
 - Level 2.0 Alchemy


You had 4 spell levels left.
You knew the following spells:

 Your Spells              Type           Power      Damage    Failure   Level
a - Apportation           Tloc           24%        N/A       5%          1
b - Blink                 Tloc           24%        N/A       8%          2
c - Swiftness             Air            27%        N/A       1%          3
d - Mephitic Cloud        Conj/Alch/Air  12%        N/A       14%         3

Your spell library contained the following spells:

 Spells                   Type           Power      Damage    Failure   Level
 Shock                    Conj/Air       64%        1d7       2%          1
 Airstrike                Air            13%        2d(2-18)  7%          4
 Cigotuvi's Dreadful Rot  Necr/Alch/Air  20%        N/A       10%         2
 Magic Dart               Conj           24%        1d4       12%         1
 Sting                    Conj/Alch      24%        1d4       12%         1
 Gell's Gravitas          Tloc           12%        N/A       16%         3
 Teleport Other           Tloc           12%        N/A       16%         3
 Necrotise                Necr           0%         1d4       26%         1
 Scorch                   Fire           0%         2d5       38%         2
 Dazzling Flash           Conj/Hex       6%         N/A       47%         3
 Stone Arrow              Conj/Erth      6%         3d7       47%         3
 Flame Wave               Conj/Fire      3%         2d5       87%         4
 Dispel Undead            Necr           0%         3d6       95%         4
 Silence                  Hex/Air        6%         N/A       75%         5
 Borgnjor's Vile Clutch   Necr/Erth      0%         N/A       100%        5
 Curse of Agony           Necr           0%         N/A       100%        5
 Dispersal                Tloc           6%         N/A       100%        6
 Lehudib's Crystal Spear  Conj/Erth      1%         10d2      100%        8
 Summon Small Mammal      Summ           Unusable   N/A       N/A         1
 Call Imp                 Summ           Unusable   N/A       N/A         2
 Animate Armour           Summ/Erth      Unusable   N/A       N/A         4
 Animate Dead             Necr           Unusable   N/A       N/A         4
 Martyr's Knell           Necr/Summ      Unusable   N/A       N/A         4
 Death Channel            Necr           Unusable   N/A       N/A         6
 Summon Cactus Giant      Summ           Unusable   N/A       N/A         6

Dungeon Overview and Level Annotations

Branches:
Dungeon (11/15)            Temple (0/1) D:7            Lair (5/5) D:10
  Swamp (1/4) Lair:3       Spider (0/4) Lair:2        Slime (0/5) Lair:5
    Orc (0/2) D:9         Gauntlet (visited)

Altars:
Dithmenos
Elyvilon
Fedhas
Makhleb
Nemelex Xobeh
Okawaru
Ru
Sif Muna
Vehumet
Wu Jian
Jiyva

Portals:
Abyss: D:7

Annotations:
D:3 3 runed translucent doors, Pokonic1's ghost, amateur TeFE
D:4 3 runed translucent doors, Dittersdorf's ghost, amateur GrFi
D:7 2 transporters, Azoth's ghost, novice DEHu
D:10 Lodul


Message History

Okawaru accepts your kill.
A spriggan rider comes into view. It is wielding a +0 spear.
A dream sheep comes into view.
Fire: S) +12 arbalest of Noefi {freeze, rElec rPois Dex-5}
Press: ? - help, Q - select action, (/) - cycle Shift-Dir - straight line, f - wolf
Aim: a wolf (67% to hit)
You shoot a bolt. The spriggan rider shouts!
The bolt hits the wolf!
The bolt freezes the wolf.
The wolf is heavily wounded.
A spriggan rider comes into view. It is wielding a +0 spear.
Fire: S) +12 arbalest of Noefi {freeze, rElec rPois Dex-5}
Press: ? - help, Q - select action, (/) - cycle Shift-Dir - straight line, f/p - wolf
Aim: a wolf (heavily wounded, 67% to hit)
You shoot a bolt. The spriggan rider shouts!
The bolt hits the wolf!!
The bolt freezes the wolf.
You kill the wolf!
Okawaru accepts your kill. The wolf misses you.
A dream sheep comes into view.
Fire: S) +12 arbalest of Noefi {freeze, rElec rPois Dex-5}
Press: ? - help, Q - select action, (/) - cycle Shift-Dir - straight line, f - wolf
Aim: a wolf (67% to hit)
You shoot a bolt. The bolt hits the wolf!!
The bolt freezes the wolf!
You kill the wolf!
Okawaru accepts your kill.
The spriggan rider hits you from afar with a +0 spear!!
A dream sheep comes into view.
You take 21 damage, and have 67/88 hp.
MASSIVE DAMAGE!!
The spriggan rider attacks as it pursues you!
The spriggan rider completely misses you.
The spriggan rider hits you from afar with a +0 spear!
You take 14 damage, and have 53/88 hp.
The spriggan rider misses you. The dream sheep misses you.
The dream sheep shake their wool and sparkle.
You feel drowsy...
You fall asleep.
The spriggan rider hits you from afar with a +0 spear!!!
Ouch! That really hurt!
You die...

♣♣..)♣♣
♣♣.....♣♣♣
♣........♣
♣♣♣†..♣..).♣♣
♣♣♣♣..♣♣...♣♣♣..
♣....♣♣♣♣♣♣♣ ♣♣♣
♣♣♣...♣♣ ♣
♣♣♣♣...♣♣♣
.Y♣..†@♣♣♣
♣.YY.Y♣.♣♣ ♣♣♣ ♣
♣♣♣♣.i.†.♣
....♣♣ ♣
♣......♣ ♣...♣♣
♣..♣...... ♣..
♣♣♣♣......♣ ♣♣.
♣♣....... ♣♣♣♣.
......... ♣....
♣♣♣♣♣♣♣♣.....♣♣.


You could see a spriggan rider and 3 dream sheep.

Vanquished Creatures
  Kirke (Lair:3)
  An eleionoma (Lair:3)
  A minotaur (Gauntlet)
  Snorg (Lair:3)
  A fire dragon (Lair:1)
  Josephine (Lair:3)
  Erolcha (D:11)
  Harold (D:10)
  3 boulder beetles (D:11)
  Erica (D:11)
  A hydra (Lair:4)
  5 death yaks (Lair:4)
  2 two-headed ogres
  Nergalle (D:11)
  Sonja (D:10)
  3 sixfirhies (Gauntlet)
  A skyshark (Lair:3)
  An orb spider (Lair:2)
  An obsidian statue (Gauntlet)
  2 oklob plants (Lair:1)
  Maurice (D:10)
  An ugly thing (D:11)
  A manticore (D:11)
  4 black mambas
  6 komodo dragons
  A gargoyle (D:11)
  2 kobold demonologists (D:9)
  10 cane toads
  An efreet (D:8)
  2 rime drakes
  2 trolls
  A polar bear (Lair:2)
  2 hornets
  4 blink frogs (Lair:5)
  Grinder (D:6)
  7 dream sheep (Lair:4)
  4 spriggans (Lair:5)
  A shadow (D:11)
  A vampire (D:10)
  3 wyverns
  2 humans (Lair:3)
  5 wraiths
  3 basilisks
  39 yaks
  4 hogs (Lair:3)
  A steam dragon (D:7)
  2 acid dragons
  9 water moccasins
  An ice beast (D:6)
  4 black bears
  8 ogres
  4 orc warriors
  3 centaurs
  24 wolves
  A boggart (Lair:5)
  A phantom (D:7)
  5 kobold brigands
  A gnoll sergeant (D:10)
  A scorpion (D:5)
  12 bullfrogs
  9 wights
  5 killer bees (D:7)
  An electric eel (D:8)
  4 howler monkeys
  3 bombardier beetles
  4 hounds
  2 jellies
  A gnoll bouda (D:5)
  9 orc priests
  2 sleepcaps
  4 iguanas
  4 orc wizards
  4 hell rats
  6 adders
  11 gnolls
  8 river rats (Lair:3)
  2 white imps
  4 ufetubi
  5 dart slugs
  34 orcs
  6 endoplasms
  4 giant cockroaches
  8 goblins
  5 hobgoblins
  3 jackals (D:5)
  34 kobolds
  4 quokkas
  5 ball pythons
  7 bats
  2 frilled lizards
  13 rats
428 creatures vanquished.

Vanquished Creatures (others)
  A boggart (Lair:5)
  An orc wizard (D:5)
2 creatures vanquished.

Grand Total: 430 creatures vanquished

Notes
Turn   | Place    | Note
-------+----------+-------------------------------------------
     0 | D:1      | jasper the Deep Elf Fighter began the quest for the Orb.
     0 | D:1      | Reached XP level 1. HP: 13/13 MP: 3/3
   246 | D:1      | Reached XP level 2. HP: 7/18 MP: 4/4
   302 | D:1      | Reached skill level 1 in Dodging
   436 | D:1      | Reached XP level 3. HP: 23/23 MP: 5/5
  1215 | D:2      | Found a radiant altar of Vehumet.
  1493 | D:2      | Found a faded altar of an unknown god.
  1639 | D:2      | Identified the +3 ring mail of Heforul {rElec rN++ Int+3
                  | Dex-4}
  1728 | D:2      | Reached XP level 4. HP: 28/28 MP: 6/6
  2317 | D:3      | Found an iron altar of Okawaru.
  2332 | D:3      | Became a worshipper of Warmaster Okawaru
  2446 | D:3      | Reached XP level 5. HP: 32/33 MP: 7/7
  2585 | D:3      | Found a runed translucent gate.
  2586 | D:3      | Found a runed translucent gate.
  2587 | D:3      | Found a runed translucent gate.
  2587 | D:3      | Noticed Pokonic1's ghost (amateur TeFE)
  2811 | D:4      | Found a runed translucent gate.
  2811 | D:4      | Found a runed translucent gate.
  2812 | D:4      | Noticed Dittersdorf's ghost (amateur GrFi)
  2904 | D:4      | Reached XP level 6. HP: 24/39 MP: 8/8
  2997 | D:4      | Reached skill level 1 in Ranged Weapons
  3000 | D:4      | Reached * piety under Okawaru
  3001 | D:4      | Reached skill level 2 in Ranged Weapons
  3069 | D:4      | Reached skill level 3 in Ranged Weapons
  3089 | D:4      | Found a white marble altar of Elyvilon.
  3094 | D:4      | Found a burning altar of Makhleb.
  3100 | D:4      | Found a sparkling altar of Nemelex Xobeh.
  3324 | D:4      | Reached skill level 4 in Ranged Weapons
  3442 | D:4      | Found a runed translucent gate.
  3566 | D:5      | Entered Level 5 of the Dungeon
  3587 | D:5      | Reached skill level 5 in Ranged Weapons
  3587 | D:5      | Reached XP level 7. HP: 44/44 MP: 9/9
  3617 | D:5      | Reached skill level 6 in Ranged Weapons
  3921 | D:5      | Reached skill level 7 in Ranged Weapons
  4090 | D:5      | Reached skill level 8 in Ranged Weapons
  4205 | D:5      | Found an ornate altar of the Wu Jian Council.
  4397 | D:5      | Found a shimmering blue altar of Sif Muna.
  4560 | D:6      | Noticed Grinder
  4560 | D:6      | Paralysed by Grinder for 2 turns
  4579 | D:6      | Killed Grinder
  4580 | D:6      | Reached skill level 9 in Ranged Weapons
  4580 | D:6      | Reached XP level 8. HP: 43/48 MP: 8/10
  4599 | D:6      | Reached skill level 10 in Ranged Weapons
  4949 | D:6      | Reached skill level 11 in Ranged Weapons
  5135 | D:6      | Reached ** piety under Okawaru
  5210 | D:6      | Reached skill level 12 in Ranged Weapons
  5985 | D:7      | Found a staircase to the Ecumenical Temple.
  6003 | D:7      | Reached XP level 9. HP: 52/52 MP: 11/11
  6031 | D:7      | Reached skill level 13 in Ranged Weapons
  6109 | D:7      | Found a one-way gate to the infinite horrors of the Abyss.
  6109 | D:7      | Noticed Azoth's ghost (novice DEHu)
  6116 | D:7      | Noticed a large abomination
  6200 | D:7      | Noticed an orange demon
  6206 | D:7      | Found a transporter.
  6212 | D:7      | Found a transporter.
  6696 | D:7      | Reached skill level 14 in Ranged Weapons
  6766 | D:8      | Found a faded altar of an unknown god.
  6767 | D:8      | Found the Hermit's Pendant {Faith Invo=14 Evo=0 MP+5}
  6767 | D:8      | Noticed an efreet
  6778 | D:8      | Killed an efreet
  7237 | D:8      | Learned a level 1 spell: Apportation
  7283 | D:8      | Found a sacrificial altar of Ru.
  7752 | D:9      | Reached skill level 5 in Fighting
  7776 | D:9      | Reached skill level 5 in Dodging
  7867 | D:9      | Noticed a kobold demonologist
  7868 | D:9      | Noticed a kobold demonologist
  7875 | D:9      | Killed a kobold demonologist
  7884 | D:9      | Noticed a smoke demon
  8048 | D:8      | Reached *** piety under Okawaru
  8063 | D:9      | Reached XP level 10. HP: 42/60 MP: 22/22
  8336 | D:9      | Noticed a two-headed ogre
  8368 | D:9      | Killed a two-headed ogre
  8368 | D:9      | Reached **** piety under Okawaru
  8561 | D:9      | Paralysed by a hornet for 2 turns
  8825 | D:9      | Found a staircase to the Orcish Mines.
  8868 | D:9      | Noticed a soul eater
  8946 | D:9      | Noticed a sun demon
  9064 | D:9      | Reached ***** piety under Okawaru
  9359 | D:10     | Entered Level 10 of the Dungeon
  9361 | D:10     | Found a shadowy altar of Dithmenos.
  9400 | D:10     | Found a staircase to the Lair.
  9616 | D:10     | Received a gift from Okawaru
  9664 | D:10     | Noticed a two-headed ogre
  9677 | D:10     | Killed a two-headed ogre
  9678 | D:10     | Reached skill level 10 in Dodging
  9678 | D:10     | Reached XP level 11. HP: 36/68 MP: 23/23
  9889 | D:10     | Noticed Harold
  9908 | D:10     | Killed Harold
 10028 | D:10     | Noticed Sonja
 10040 | D:10     | Killed Sonja
 10208 | D:10     | Received a gift from Okawaru
 10410 | D:10     | Noticed Maurice
 10430 | D:10     | Killed Maurice
 10637 | D:10     | Noticed Lodul
 10999 | D:11     | Noticed a green ugly thing
 11009 | D:11     | Killed a green ugly thing
 11043 | D:11     | Noticed Erolcha
 11050 | D:11     | Killed Erolcha
 11194 | D:11     | Noticed a boulder beetle
 11210 | D:11     | Killed a boulder beetle
 11223 | D:11     | Noticed Nergalle
 11237 | D:11     | Killed Nergalle
 11408 | D:11     | Noticed Erica
 11418 | D:11     | Killed Erica
 11504 | D:11     | Received a gift from Okawaru
 11615 | D:11     | Noticed a boulder beetle
 11637 | D:11     | Killed a boulder beetle
 11638 | D:11     | Reached skill level 10 in Fighting
 11638 | D:11     | Reached XP level 12. HP: 52/77 MP: 24/24
 11776 | D:11     | Noticed a boulder beetle
 11783 | D:11     | Killed a boulder beetle
 11787 | D:11     | Learned a level 2 spell: Blink
 11791 | D:11     | Learned a level 3 spell: Swiftness
 12460 | Lair:1   | Entered Level 1 of the Lair of Beasts
 13014 | Lair:1   | Reached ****** piety under Okawaru
 13015 | Lair:1   | Acquired the +12 arbalest of Noefi {freeze, rElec rPois
                  | Dex-5}
 13015 | Lair:1   | Received a gift from Okawaru
 13017 | Lair:1   | Acquired the +1 pair of boots "Laoj Caoriso" {rCorr}
 13017 | Lair:1   | Received a gift from Okawaru
 13063 | Lair:1   | Received a gift from Okawaru
 13163 | Lair:1   | Noticed a fire dragon
 13167 | Lair:1   | Killed a fire dragon
 13168 | Lair:1   | Reached skill level 15 in Ranged Weapons
 13406 | Lair:1   | Received a gift from Okawaru
 13530 | Lair:1   | Found a blossoming altar of Fedhas.
 13537 | Lair:1   | Reached skill level 16 in Ranged Weapons
 13961 | Lair:1   | Learned a level 3 spell: Mephitic Cloud
 14333 | Lair:2   | Found a hole to the Spider Nest.
 14338 | Lair:2   | Reached skill level 17 in Ranged Weapons
 14405 | Lair:2   | Received a gift from Okawaru
 14749 | Lair:3   | Noticed Snorg
 14758 | Lair:3   | Killed Snorg
 14806 | Lair:3   | Noticed Kirke
 14818 | Lair:3   | Killed Kirke
 14819 | Lair:3   | Reached XP level 13. HP: 83/83 MP: 25/25
 14872 | Lair:3   | Noticed Josephine
 14885 | Lair:3   | Killed Josephine
 14885 | Lair:3   | Received a gift from Okawaru
 14886 | Lair:3   | Reached skill level 18 in Ranged Weapons
 15070 | Lair:3   | Reached skill level 1 in Translocations
 15070 | Lair:3   | Reached skill level 1 in Air Magic
 15071 | Lair:3   | Noticed an eleionoma
 15073 | Lair:3   | Killed an eleionoma
 15142 | Lair:3   | Found a staircase to the Swamp.
 15599 | Swamp:1  | Entered Level 1 of the Swamp
 15656 | Lair:4   | Received a gift from Okawaru
 15680 | Lair:4   | Found a gate leading to a gauntlet.
 15697 | Lair:4   | Reached skill level 5 in Air Magic
 15723 | Lair:4   | Received a gift from Okawaru
 15732 | Gauntlet | Entered a Gauntlet
 15732 | Gauntlet | Found a transporter.
 15736 | Gauntlet | Noticed a cacodemon
 15909 | Gauntlet | Found a transporter.
 15925 | Gauntlet | Found a transporter.
 15929 | Gauntlet | Found a transporter.
 15949 | Gauntlet | Found a transporter.
 15962 | Gauntlet | Found a transporter.
 15962 | Gauntlet | Noticed a reaper
 15967 | Gauntlet | Found a transporter.
 15971 | Gauntlet | Found a transporter.
 16002 | Gauntlet | Found a transporter.
 16022 | Gauntlet | Found a transporter.
 16026 | Gauntlet | Found a transporter.
 16034 | Gauntlet | Found a transporter.
 16104 | Gauntlet | Identified the +1 cloak of Insurance {rElec rC+ Dex+4}
 16134 | Gauntlet | Identified the +0 pair of boots "Yptumom" {Will+ Int+3
                  | Stlth+}
 16203 | Gauntlet | Noticed a minotaur
 16207 | Gauntlet | Killed a minotaur
 16211 | Gauntlet | Found the +3 hat of Pondering {ponderous, Will+ MP+10
                  | Int+5}
 16846 | Lair:4   | Reached skill level 1 in Conjurations
 16846 | Lair:4   | Reached skill level 1 in Alchemy
 16914 | Lair:5   | Entered Level 5 of the Lair of Beasts
 17000 | Lair:5   | Found a staircase to the Slime Pits.
 17002 | Lair:5   | Found a viscous altar of Jiyva.
 17139 | Lair:5   | Received a gift from Okawaru
 17440 | Lair:5   | Reached XP level 14. HP: 88/88 MP: 26/26
 17444 | Lair:5   | Identified the +2 morningstar "Nocis" {drain, rPois Will+}
 17481 | Lair:5   | Slain by a spriggan rider

Illustrated notes

Levels and vault maps discovered:
D:1:      enne_arrival_octagon_isle, layout_basic, minivault_11,
          chequers_serial_rivers_large_b, hex_intersection
D:2:      layout_loops_corners, basic_ecumenical_altar, basic_altar,
          grunt_ministairs_4
D:3:      layout_rooms, kennysheep_okawaru_gauntlet, ebering_ghost_rock_garden,
          kennysheep_flooded_box, chequers_decorated_corner
D:4:      layout_basic, minmay_overflow_temple_star_quad,
          gammafunk_ghost_nasty_kobolds, kennysheep_generic_room_2
D:5:      layout_loops_ring, nzn_wu_jian_contemplation, led_sif_book
D:6:      layout_loops_ring, uniq_grinder
D:7:      layout_gridville, minmay_temple_entry_ruins,
          gammafunk_ghost_abyssal_escape, kennysheep_windowed_goal
D:8:      layout_gridville, hangedman_ru_absence, nicolae_water_bricks,
          hellmonk_guarded_unrand_hermit
D:9:      layout_roguey, david_orc_5
D:10:     layout_irregular_city, mainiacjoe_overflow_alcove_1,
          dpeg_oklobed_lair, uniq_sonja, uniq_harold, uniq_lodul, uniq_maurice
D:11:     layout_stronghold, uniq_erolcha, uniq_nergalle, uniq_erica
Lair:1:   dragon1_lemuel, layout_layer_cave, hangedman_tree_tricks,
          hibernation_bobbens
Lair:2:   layout_regular_city, nicolae_spider_entry_orb_guardian,
          infiniplex_staircase_pool_2
Lair:3:   layout_roguey, alex1729_swamp_entry_worm_eleionoma,
          kennysheep_abandoned_house, uniq_kirke, uniq_snorg, uniq_josephine
Lair:4:   layout_hall_layers, gauntlet_entry_generic
Lair:5:   minmay_lair_end_enchanted_forest, layout_loops_ring, slime_entry_1
Swamp:1:  layout_basic_swamp, evilmike_swamp_ruin_house_3, swamp_pool_1_2,
          nicolae_swamp_long_stream, infiniplex_staircase_pool

Skill      XL: |  1  2  3  4  5  6  7  8  9 10 11 12 13 |
---------------+----------------------------------------+-----
Dodging        | 1 2 3 6 10 12 13 14 | 14.1
Fighting       | 3 4 5 8 10 | 10.8
Armour         | 3 4 |  4.3
Ranged Weapons | 5 9 12 14 17 18 | 18.0
Shields        | 4 |  4.0
Translocations | 4 |  4.0
Air Magic      | 9 |  9.0
Conjurations   | 2 |  2.0
Alchemy        | 2 |  2.0
Short Blades   | |  2.0

Action                     |  1- 3 |  4- 6 |  7- 9 | 10-12 | 13-15 || total
---------------------------+-------+-------+-------+-------+-------++-------
  Melee: Rapier            |   113 |       |       |       |       ||   113
         Dagger            |       |   226 |    85 |       |       ||   311
   Fire: Sling             |       |       |   458 |   572 |       ||  1030
         Arbalest          |       |       |       |   130 |   259 ||   389
  Throw: Dart              |     1 |       |       |    15 |       ||    16
 Invoke: Heroism           |       |     1 |    14 |     7 |       ||    22
         Finesse           |       |       |       |     1 |     3 ||     4
         Receive Weapon    |       |       |       |     1 |       ||     1
         Receive Armour    |       |       |       |     1 |       ||     1
  Evoke: Wand              |       |       |       |     5 |       ||     5
    Use: Potion            |     1 |     1 |     2 |     3 |     1 ||     8
         Scroll            |       |    10 |    11 |     9 |     2 ||    32
 Armour: Scale mail        |    37 |       |       |       |       ||    37
         Ring mail         |    30 |    99 |   222 |       |       ||   351
         Steam dragon scal |       |       |   105 |   170 |    75 ||   350
         Skin              |       |       |    15 |       |       ||    15
  Dodge: Dodged            |    58 |    76 |   321 |   296 |   110 ||   861
  Block: Buckler           |    20 |    37 |   116 |    95 |       ||   268

Table legend: (Time is in decaauts)
 A = Elapsed time spent in this place.
 B = Non-inter-level travel time spent in this place.
 C = Inter-level travel time spent in this place.
 D = Time resting spent in this place.
 E = Time spent auto-exploring this place.
 F = Levels seen in this place.
 G = Mean time per level.
                   A        B        C        D        E       F      G
               +--------+--------+--------+--------+--------+-----+--------+
         Total |  17637 |  17138 |    499 |   1574 |  12100 |  18 |  979.8 |
       Dungeon |  12850 |  12483 |    367 |   1156 |   8663 |  11 | 1168.2 |
          Lair |   4235 |   4104 |    131 |    360 |   3067 |   5 |  847.0 |
         Swamp |      1 |      1 |      0 |      0 |      0 |   1 |    1.0 |
      Gauntlet |    549 |    549 |      0 |     58 |    369 |   1 |  549.0 |
               +--------+--------+--------+--------+--------+-----+--------+

Top non-repeatable levels by time:
    D:10: 2001 daAuts
     D:9: 1541 daAuts
    D:11: 1385 daAuts
  Lair:1: 1340 daAuts
     D:1: 1215 daAuts
     D:8: 1204 daAuts
     D:6: 1067 daAuts
     D:7: 1063 daAuts
     D:2: 1021 daAuts
     D:5: 990 daAuts
  Lair:3: 857 daAuts
     D:4: 819 daAuts
  Lair:2: 736 daAuts
  Lair:4: 734 daAuts
  Lair:5: 566 daAuts
